 Dungeon Crawl Stone Soup version 0.25-a0-544-gee0576305d (webtiles) character file.

Game seed: 4578228389717150310, levelgen mode: classic

30425 EnegeticOcto the Champion of Chaos (level 13, -4/124 HPs)
             Began as a Deep Dwarf Fighter on Feb 20, 2020.
             Was the Champion of Makhleb.
             Slain by an eight-headed hydra (9 damage)
             ... on level 14 of the Dungeon.
             The game lasted 00:08:18 (8572 turns).

EnegeticOcto the Champion of Chaos (DDFi)           Turns: 8572, Time: 00:08:18

Health: -4/124     AC: 20    Str: 23 (24) XL:     13   Next: 20%
Magic:  3/3        EV: 14    Int:  6      God:    Makhleb [******]
Gold:   271        SH:  0    Dex: 18      Spells: 12/12 levels left

rFire    . . .     SeeInvis .   L - +4 battleaxe
rCold    x . .     Gourm    .   (shield currently unavailable)
rNeg     + . .     Faith    .   C - +7 chain mail of Twilight {Int-2 Dex+3 Stlth+}
rPois    .         Spirit   .   (no helmet)
rElec    .         Reflect  .   n - +1 cloak
rCorr    .         Harm     .   (no gloves)
MR       +....     Rnd*Tele +   p - +2 pair of boots "Nydd" {rN+}
Stlth    ..........             (no amulet)
HPRegen  0.00/turn              B - ring of Jaub {+Fly rF- rC- Dex+7 Slay+6}
MPRegen  0.08/turn              y - ring of protection from fire

@: non-regenerating
A: damage resistance, heal wounds, hooves 1, clumsy 2, deformed body,
deterioration 1, dopey 1, sense surroundings 2, teleportitis 1, no regeneration
a: Heal Wounds, Minor Destruction, Lesser Servant of Makhleb, Major Destruction,
Greater Servant of Makhleb, Renounce Religion, Evoke Flight


You were on level 14 of the Dungeon.
You worshipped Makhleb.
Makhleb was exalted by your worship.
You were not hungry.

You visited 3 branches of the dungeon, and saw 16 of its levels.

You collected 1768 gold pieces.
You spent 1497 gold pieces at shops.

Inventory:

Hand Weapons
 a - a +1 war axe
 L - a +4 battleaxe (weapon)
Armour
 c - a +1 kite shield
 n - a +1 cloak (worn)
 p - the +2 pair of boots "Nydd" (worn) {rN+}
   (You bought it in a shop on level 7 of the Dungeon)

   It protects you from negative energy.
   If you remove this armour, your AC will decrease by 4 (20 -> 16).
 C - the +7 chain mail of Twilight (worn) {Int-2 Dex+3 Stlth+}
   (You bought it in a shop on level 11 of the Dungeon)

   It affects your intelligence (-2).
   It affects your dexterity (+3).
   It makes you more stealthy.
   If you remove this armour, your AC will decrease by 15 (20 -> 5).
Jewellery
 d - an uncursed ring of protection from magic
 q - an uncursed ring of see invisible
 y - a ring of protection from fire (right hand)
 B - the ring of Jaub (left hand) {+Fly rF- rC- Dex+7 Slay+6}
   (You acquired it on level 7 of the Dungeon)

   [ring of flight]

   It affects your dexterity (+7).
   It affects your accuracy and damage with ranged weapons and melee attacks
   (+6).
   It makes you vulnerable to fire.
   It makes you vulnerable to cold.
   It lets you fly.
Wands
 f - a wand of disintegration (13)
 u - a wand of iceblast (12)
 w - a wand of paralysis (15)
 A - a wand of enslavement (10)
 D - a wand of acid (8) {@v1}
 K - a wand of digging (6) {@v2}
Scrolls
 g - 6 scrolls of enchant armour
 i - 3 scrolls of amnesia
 m - 6 scrolls of remove curse {@r6}
 r - 4 scrolls of teleportation {@r2}
 E - a scroll of identify {@r1}
 F - a scroll of blinking {@r3}
 G - a scroll of fog
Potions
 b - 2 potions of haste {unknown}
 h - a potion of cancellation {unknown}
 j - a potion of stabbing {@q5}
 k - a potion of might {@q3}
 l - 2 potions of magic
 o - 2 potions of berserk rage
 s - 5 potions of flight
 t - 2 potions of degeneration
 v - 4 potions of curing {@q1}
 x - a potion of brilliance
 z - 2 potions of ambrosia
 I - a potion of heal wounds {@q2}
Comestibles
 e - 12 rations
 H - 32 chunks of flesh


   Skills:
 * Level 10.5 Fighting
 * Level 12.1 Axes
 + Level 9.2 Armour
 + Level 8.5 Dodging
 - Level 8.7 Shields
 * Level 12.8 Invocations


You had 12 spell levels left.
You didn't know any spells.
Your spell library was empty.

Dungeon Overview and Level Annotations

Branches:
Dungeon (14/15)            Temple (1/1) D:6            Lair (0/6) D:9
    Orc (1/2) D:12         Vaults (0/5) D:14

Altars:
Ashenzari
Cheibriados
Elyvilon
Gozag
Hepliaklqana
Makhleb
Nemelex Xobeh
Okawaru
Qazlal
Trog
Xom
Zin
The Shining One

Shops:
D:7 %[=(?   D:11 [   D:14 }

Annotations:
D:6 Prince Ribbit


Innate Abilities, Weirdness & Mutations

You are resistant to damage.
You can heal yourself by infusing magical energy.
You passively map the area around you.
You do not regenerate.
You have large cloven feet.
You are very clumsy. (Dex -4)
Armour fits poorly on your strangely shaped body.
Your body sometimes deteriorates upon taking damage.
You are dopey. (Int -2)
You are occasionally teleported next to monsters.


Message History

You completely miss the centaur warrior zombie.
Your chain mail of Twilight prevents you from hitting the red ugly thing.
You slash the red ugly thing!
The centaur warrior zombie hits you but does no damage.
The red ugly thing kicks you.
You are engulfed in flames!!
Your body deteriorates!
You feel weakened. The red ugly thing tail-slaps you.
You are engulfed in flames!!
The two-headed ogre misses you. The two-headed ogre barely misses you.
A wight comes into view. It is wielding a +0 falchion.
The red ugly thing basks in the mutagenic energy from its kin and changes!
You slice the brown ugly thing!!
The brown ugly thing is heavily wounded.
You hit the red ugly thing but do no damage.
You slash the red ugly thing! You closely miss the two-headed ogre.
The red ugly thing tail-slaps you!
You are engulfed in flames!!
The two-headed ogre closely misses you. The two-headed ogre barely misses you.
You are too injured to fight recklessly!
You are too injured to fight recklessly!
You are too injured to fight recklessly!
You are too injured to fight recklessly!
You are too injured to fight recklessly!
You are too injured to fight recklessly!
You are too injured to fight recklessly!
You are too injured to fight recklessly!
You are too injured to fight recklessly!
You are too injured to fight recklessly!
You are too injured to fight recklessly!
You are too injured to fight recklessly!
Your magical essence is drained by the effort!
You feel much better. The red ugly thing closely misses you.
The red ugly thing basks in the mutagenic energy from its kin and changes!
A wight comes into view. It is wielding a +0 battleaxe.
The brown ugly thing basks in the mutagenic energy from its kin and changes!
You feel much better. The two-headed ogre misses you.
The two-headed ogre hits you with a +0 giant spiked club!
The red ugly thing basks in the mutagenic energy from its kin and changes!
You barely miss the red ugly thing.
The red ugly thing is heavily wounded.
You slash the centaur warrior zombie! You slash the two-headed ogre!
You hit the green ugly thing but do no damage.
You hit the green ugly thing. You closely miss the white ugly thing.
The green ugly thing kicks you but does no damage.
The two-headed ogre closely misses you.
The two-headed ogre hits you with a +0 giant spiked club!
The centaur warrior zombie closely misses you.
You slice the red ugly thing!!
The red ugly thing is almost dead.
You hit the white ugly thing. You slash the green ugly thing!
You slash the centaur warrior zombie! You hit the two-headed ogre.
You slash the green ugly thing! The green ugly thing barely misses you.
The centaur warrior zombie misses you.
The white ugly thing basks in the mutagenic energy from its kin and changes!
The two-headed ogre completely misses you.
The two-headed ogre hits you with a +0 giant spiked club.
The white ugly thing misses you.
The red ugly thing basks in the mutagenic energy from its kin and changes!
The green ugly thing completely misses you.
Your chain mail of Twilight prevents you from hitting the green ugly thing.
The green ugly thing is almost dead.
You hit the white ugly thing. You hit the green ugly thing.
You slash the centaur warrior zombie! You hit the two-headed ogre.
You slice the green ugly thing!!
The centaur warrior zombie completely misses you.
The green ugly thing barely misses you. The white ugly thing trunk-slaps you.
The white ugly thing freezes you!!!
You feel a terrible chill!
* * * LOW HITPOINT WARNING * * *
The two-headed ogre hits you with a +0 giant club!
* * * LOW HITPOINT WARNING * * *
The two-headed ogre barely misses you.
The green ugly thing completely misses you.
You are too injured to fight recklessly!
You are too injured to fight recklessly!
You are too injured to fight recklessly!
You are too injured to fight recklessly!
You are too injured to fight recklessly!
You are too injured to fight recklessly!
You are too injured to fight recklessly!
You are too injured to fight recklessly!
You are too injured to fight recklessly!
You are too injured to fight recklessly!
You are too injured to fight recklessly!
You are too injured to fight recklessly!
You are too injured to fight recklessly!
You slice the white ugly thing!!
The white ugly thing is heavily wounded.
You hit the green ugly thing. You hit the white ugly thing.
You slice one of the seven-headed hydra's heads off!
The six-headed hydra grows two more!
You slice the eight-headed hydra!! You slash the two-headed ogre!
You hit the green ugly thing. You slash the green ugly thing!
The green ugly thing headbutts you. The eight-headed hydra bites you.
* * * LOW HITPOINT WARNING * * *
The eight-headed hydra bites you.
The eight-headed hydra bites you but does no damage.
The eight-headed hydra bites you.
* * * LOW HITPOINT WARNING * * *
The eight-headed hydra misses you. The eight-headed hydra bites you.
The eight-headed hydra bites you!
You die...
Xom titters!

, , , ,.......... , ...
#...#,, .##.......)) , ,
,,...##...#
*...#.......)) ,
........###...........÷)
,
........................
* ,
........................
*
,.....z.Z......###.......
*#..zuuu....#* ##...... *
*#.uu@†≈≈≈.# #...... , ,,
,,*#...uOD≈≈≈≈.#* ##.....
* #......≈≈∩≈≈.. ......
,.)......≈≈.≈≈.. , , *,
.........≈.≈... ,
####...###....#, , * ....
*#..## , * , #...., ..# ,
*** , ,, *


You could see an eight-headed hydra, 6 ugly things, a two-headed ogre, 2 wights
and a centaur warrior zombie.

Vanquished Creatures
  Rupert (D:14)
  Snorg (D:11)
  A hydra (D:11)
  3 centaur warriors
  2 two-headed ogres
  Urug (D:14)
  2 skeletal warriors (D:12)
  2 deep elf magi
  An ugly thing (D:13)
  4 cyclopes
  2 manticores (D:13)
  An elephant (D:9)
  3 centaur zombies
  Maurice (D:12)
  A gargoyle (D:9)
  A komodo dragon (D:10)
  An efreet (D:13)
  4 trolls
  A tengu conjurer (D:14)
  A slime creature (D:13)
  2 hippogriffs
  A hornet (D:7)
  A wraith (D:12)
  A vampire (D:13)
  15 humans (D:14)
  4 yaks
  3 hungry ghosts
  3 steam dragons
  A warg (Orc:1)
  2 soldier ants
  2 black bears (D:6)
  A swamp drake (D:6)
  2 sky beasts
  10 orc warriors
  2 eyes of draining
  3 ice beasts
  4 phantoms
  11 ogres
  A necrophage (D:7)
  13 centaurs
  A crocodile (D:9)
  3 big kobolds
  7 bullfrogs
  A gnoll sergeant (D:11)
  4 scorpions
  11 killer bees
  2 electric eels (D:11)
  11 wights
  A howler monkey (D:6)
  5 crimson imps
  4 bullfrog zombies
  5 hounds
  5 jellies
  4 centaur skeletons
  Crazy Yiuf (D:6)
  10 orc priests
  13 orc wizards
  2 bullfrog skeletons
  An iguana (D:9)
  10 worker ants
  2 hound zombies
  2 hound skeletons
  A worker ant zombie (D:5)
  6 adders
  4 gnolls (D:11)
  5 shadow imps
  An ooze (D:5)
  2 adder zombies
  An adder skeleton (D:8)
  3 dart slugs
  9 leopard geckos
  70 orcs
  A giant cockroach (D:2)
  2 hobgoblins
  8 jackals
  6 quokkas
  A bat (D:1)
  A frilled lizard (D:2)
  3 goblins
  10 kobolds (D:10)
  A fungus (D:9)
  A plant (D:11)
357 creatures vanquished.

Vanquished Creatures (collateral kills)
  Josephine (D:12)
  Erica (D:11)
  2 skeletal warriors (D:12)
  A freezing wraith (D:12)
  A hippogriff (D:12)
  4 wraiths (D:12)
  A basilisk (D:12)
  An ice beast (D:12)
  A sky beast (D:12)
  An orc warrior (D:11)
  A bullfrog (D:12)
  A killer bee (D:11)
  An electric eel (D:11)
  A crimson imp (D:12)
  A hound (D:12)
  2 kobolds (D:11)
21 creatures vanquished.

Vanquished Creatures (others)
  An orc priest (D:14)
  An orc (D:14)
  4 fungi (D:9)
  A plant (D:11)
7 creatures vanquished.

Grand Total: 385 creatures vanquished

Notes
Turn   | Place    | Note
-------+----------+-------------------------------------------
     0 | D:1      | EnegeticOcto the Deep Dwarf Fighter began the quest for the
                  | Orb.
     0 | D:1      | Reached XP level 1. HP: 20/20 MP: 1/1
   317 | D:1      | Reached XP level 2. HP: 25/27 MP: 2/2
   473 | D:2      | Reached XP level 3. HP: 29/34 MP: 3/3
   489 | D:2      | Reached skill level 1 in Dodging
   706 | D:4      | Found a snail-covered altar of Cheibriados.
   759 | D:4      | Reached XP level 4. HP: 31/42 MP: 4/4
   845 | D:4      | Reached XP level 5. HP: 33/50 MP: 5/5
   941 | D:5      | Entered Level 5 of the Dungeon
  1000 | D:5      | Found a shimmering altar of Xom.
  1019 | D:5      | Became a worshipper of Xom the Tricky
  1060 | D:5      | XOM: harmless Fire miscast
  1331 | D:5      | Noticed an ogre
  1335 | D:5      | Noticed a sky beast
  1337 | D:5      | XOM: butterfly on damage
  1342 | D:5      | XOM: butterfly on damage
  1348 | D:5      | Killed an ogre
  1348 | D:5      | Reached XP level 6. HP: 53/57 MP: 3/3
  1357 | D:5      | XOM: 6-stop teleportation journey
  1430 | D:5      | Reached XP level 7. HP: 39/66 MP: 4/4
  1619 | D:6      | XOM: polymorph centaur -> swamp drake
  1622 | D:6      | Reached skill level 5 in Axes
  1683 | D:6      | Found a staircase to the Ecumenical Temple.
  1712 | Temple   | Entered the Ecumenical Temple
  1777 | Temple   | Fell from the grace of Xom
  1777 | Temple   | Became a worshipper of Makhleb the Destroyer
  1878 | D:6      | Reached skill level 1 in Invocations
  1884 | D:6      | Reached skill level 5 in Fighting
  1974 | D:6      | XOM: summons 5 hostile demons
  1975 | D:6      | Noticed a hellwing
  2080 | D:6      | Noticed Prince Ribbit
  2243 | D:6      | Reached skill level 5 in Shields
  2243 | D:6      | Reached XP level 8. HP: 63/74 MP: 4/4
  2247 | D:6      | Found a shimmering altar of Xom.
  2341 | D:6      | Found a runed translucent door.
  2342 | D:6      | Noticed Crazy Yiuf
  2477 | D:6      | Found a bloodstained altar of Trog.
  2501 | D:6      | Reached skill level 5 in Armour
  2626 | D:6      | Killed Crazy Yiuf
  2683 | D:7      | Found Fygennea's Antique Weapon Shop.
  2714 | D:7      | Found Donn's Jewellery Emporium.
  2904 | D:7      | Reached * piety under Makhleb
  2905 | D:7      | Gained mutation: You passively map the area around you.
                  | [Deep Dwarf growth]
  2905 | D:7      | Reached XP level 9. HP: 54/82 MP: 5/5
  3025 | D:7      | Reached skill level 5 in Invocations
  3110 | D:7      | XOM: summons 14 hostile demons
  3165 | D:7      | Found Dazibes's Magic Scroll Emporium.
  3193 | D:7      | XOM: summons 1 hostile shadow creature
  3260 | D:7      | Found Eloebuv's Antique Armour Shop.
  3268 | D:7      | Bought a pair of smoking boots for 256 gold pieces
  3273 | D:7      | Identified the +2 pair of boots "Nydd" {rN+} (You bought it
                  | in a shop on level 7 of the Dungeon)
  3278 | D:7      | Found Wiarerch's Food Shop.
  3869 | D:9      | Reached skill level 5 in Dodging
  3878 | D:9      | Reached ** piety under Makhleb
  3925 | D:9      | Found a staircase to the Lair.
  3925 | D:9      | Noticed an elephant
  3946 | D:9      | You fall into a shaft and drop 1 floor!
  3946 | D:10     | Entered Level 10 of the Dungeon
  3952 | D:9      | Found an opulent altar of Gozag.
  4038 | D:10     | XOM: give mutations
  4038 | D:10     | Gained mutation: Your body sometimes deteriorates upon
                  | taking damage. [Xom's mischief]
  4038 | D:10     | Gained mutation: You are occasionally teleported next to
                  | monsters. [Xom's mischief]
  4115 | D:9      | Killed an elephant
  4115 | D:9      | Reached XP level 10. HP: 76/94 MP: 6/6
  4193 | D:9      | Noticed a gargoyle
  4204 | D:9      | Killed a gargoyle
  4959 | D:10     | Reached *** piety under Makhleb
  5497 | D:10     | XOM: mild Necr miscast
  5558 | D:10     | XOM: noise
  5774 | D:11     | Reached XP level 11. HP: 103/103 MP: 8/8
  5784 | D:11     | Reached **** piety under Makhleb
  5862 | D:11     | Noticed Erica
  5862 | D:11     | Noticed a five-headed hydra
  5881 | D:11     | Killed a seven-headed hydra
  5897 | D:11     | Killed Erica
  5905 | D:11     | Found Ybbecw's Antique Armour Shop.
  5948 | D:11     | Bought a twisted chain mail for 247 gold pieces
  5958 | D:11     | Identified the +7 chain mail of Twilight {Int-2 Dex+3
                  | Stlth+} (You bought it in a shop on level 11 of the
                  | Dungeon)
  6017 | D:11     | Noticed Snorg
  6049 | D:11     | Killed Snorg
  6349 | D:12     | Noticed a skeletal warrior
  6351 | D:12     | Noticed a skeletal warrior
  6352 | D:12     | Noticed a skeletal warrior
  6376 | D:12     | Killed a skeletal warrior
  6376 | D:12     | Reached skill level 10 in Axes
  6376 | D:12     | Killed a skeletal warrior
  6376 | D:12     | Reached skill level 10 in Invocations
  6377 | D:12     | Noticed a skeletal warrior
  6389 | D:12     | Killed a skeletal warrior
  6400 | D:12     | Killed a skeletal warrior
  6503 | D:12     | Noticed Josephine
  6510 | D:12     | Killed Josephine
  6596 | D:12     | Noticed Maurice
  6617 | D:12     | Killed Maurice
  6696 | D:12     | Reached ***** piety under Makhleb
  6709 | D:12     | Reached XP level 12. HP: 73/114 MP: 7/7
  6742 | D:12     | Found a staircase to the Orcish Mines.
  6790 | Orc:1    | Entered Level 1 of the Orcish Mines
  6841 | Orc:1    | Noticed a two-headed ogre
  6856 | Orc:1    | XOM: give mutations
  6856 | Orc:1    | Gained mutation: You are clumsy. (Dex -2) [Xom's mischief]
  6856 | Orc:1    | Lost mutation: Your body sometimes deteriorates upon taking
                  | damage. [Xom's mischief]
  6859 | Orc:1    | Killed a two-headed ogre
  7240 | Orc:1    | XOM: severe Tmut miscast
  7249 | Orc:1    | Gained mutation: Armour fits poorly on your strangely
                  | shaped body. [mutagenic glow]
  7283 | Orc:1    | Gained mutation: Your body sometimes deteriorates upon
                  | taking damage. [mutagenic glow]
  7307 | Orc:1    | Gained mutation: You are very clumsy. (Dex -4) [mutagenic
                  | glow]
  7357 | D:12     | Gained mutation: You are dopey. (Int -2) [mutagenic glow]
  7481 | D:7      | Bought a scroll of acquirement for 676 gold pieces
  7481 | D:7      | Identified the ring of Jaub {+Fly rF- rC- Dex+7 Slay+6}
                  | (You acquired it on level 7 of the Dungeon)
  7485 | D:7      | Bought 3 scrolls of enchant armour for 292 gold pieces
  7485 | D:7      | Bought a scroll of fog for 26 gold pieces
  7625 | D:12     | XOM: give mutation
  7625 | D:12     | Gained mutation: You have large cloven feet. [Xom's
                  | mischief]
  7835 | D:13     | Noticed a centaur warrior
  7838 | D:13     | Noticed a two-headed ogre
  7851 | D:13     | Killed a centaur warrior
  7867 | D:13     | Killed a two-headed ogre
  8193 | D:13     | XOM: medium Pois miscast
  8286 | D:13     | Reached skill level 10 in Fighting
  8357 | D:13     | Noticed a centaur warrior
  8361 | D:13     | Killed a centaur warrior
  8474 | D:14     | Found a gate to the Vaults.
  8474 | D:14     | Noticed Urug
  8474 | D:14     | Noticed a centaur warrior
  8474 | D:14     | Noticed Rupert
  8482 | D:14     | Killed a centaur warrior
  8492 | D:14     | Killed Rupert
  8492 | D:14     | Reached XP level 13. HP: 98/124 MP: 5/5
  8527 | D:14     | Killed Urug
  8530 | D:14     | Reached ****** piety under Makhleb
  8560 | D:14     | Found Kigygav's Gadget Boutique.
  8572 | D:14     | HP: 5/124 [eight-headed hydra (2)]
  8572 | D:14     | Slain by an eight-headed hydra

Levels and vault maps discovered:
D:1:      dpeg_arrival_water_temple_mockup, layout_basic,
          nemelex_diamond_rough_becter
D:2:      layout_basic, overflow_temple_1_default
D:3:      layout_loops_ring, hangedman_ru_absence,
          chequers_ecumenical_altar_island, minmay_shallow_snake_nest
D:4:      layout_rooms, first_ration, kennysheep_slug_shrine
D:5:      layout_basic, basic_altar
D:6:      layout_cave_pods, trog_ov_bears_minmay,
          minmay_temple_entry_statues_fountains, basic_altar,
          skrybe_limestone_x, uniq_prince_ribbit1, uniq_crazy_yiuf_cottage
D:7:      layout_gridville, serial_shops, kennysheep_little_box, shop_fountains,
          shop, shop, shop
D:8:      layout_rooms
D:9:      kennysheep_steamy, layout_long_grid, nicolae_overflow_hidden_temple,
          david_lair_generic
D:10:     layout_loops_corners
D:11:     layout_cave_pools, serial_shops, nicolae_shop_crystal,
          serial_bayou_ford_a, uniq_snorg, uniq_erica
D:12:     layout_big_octagon, hiddenorc1_lemuel, uniq_maurice, uniq_josephine
D:13:     minmay_s_stair_smasher, layout_rooms, gauntlet_entry_generic
D:14:     layout_cave_pools, david_vaults_3, serial_shops,
          nicolae_shop_waterfront, uniq_rupert
Temple:   regret_index_temple_mists
Orc:1:    layout_diamond_mine

Skill      XL: |  1  2  3  4  5  6  7  8  9 10 11 12 13 |
---------------+----------------------------------------+-----
Fighting       | 3 4 5 6 7 8 9 10 | 10.5
Dodging        | 1 2 3 4 5 6 7 8 |  8.5
Axes           | 3 4 5 6 8 9 10 11 12 | 12.1
Armour         | 4 5 6 7 8 9 |  9.2
Shields        | 4 5 6 7 8 |  8.7
Invocations    | 2 4 7 9 10 12 | 12.8

Action                   |  1- 3 |  4- 6 |  7- 9 | 10-12 | 13-15 || total
-------------------------+-------+-------+-------+-------+-------++-------
Melee: War axe           |    88 |   116 |   501 |   762 |       ||  1467
       Battleaxe         |       |       |       |    34 |    39 ||    73
Invok: Lesser Servant of |       |       |       |     7 |       ||     7
 Abil: Heal Wounds       |       |    10 |    31 |    33 |     7 ||    81
Evoke: Wand              |       |       |       |     2 |       ||     2
  Use: Scroll            |       |       |    11 |     8 |     1 ||    20
 Stab: Distracted        |       |       |       |     3 |       ||     3
       Fleeing           |       |       |       |     2 |       ||     2
  Eat: Chunk             |       |     2 |     8 |    13 |     2 ||    25
       Ration            |       |       |     1 |     1 |       ||     2
Armor: Scale mail        |    32 |    13 |       |       |       ||    45
       Chain mail        |       |    33 |    25 |   298 |    51 ||   407
       Plate armour      |       |       |   597 |   255 |       ||   852
Dodge: Dodged            |    30 |    32 |   206 |   389 |    97 ||   754
Block: Kite shield       |    47 |    73 |   480 |   627 |       ||  1227

Table legend:
 A = Non-vault XP
 B = Vault XP
 C = Vault XP percentage of total XP
 D = Non-vault monster count
 E = Vault monster count
 F = Vault count percentage of total count
                 A         B        C        D         E       F
            +---------+---------+-------+---------+---------+-------
      Total |   26423 |   17042 |  39.2 |     309 |      67 |  17.8
            +---------+---------+-------+---------+---------+-------
        D:1 |      16 |       0 |   0.0 |       8 |       0 |   0.0
        D:2 |      29 |       0 |   0.0 |       8 |       0 |   0.0
        D:3 |       2 |       0 |   0.0 |       1 |       0 |   0.0
        D:4 |     160 |       4 |   2.4 |      11 |       1 |   8.3
        D:5 |     591 |       0 |   0.0 |      21 |       0 |   0.0
        D:6 |     777 |     308 |  28.4 |      20 |       3 |  13.0
        D:7 |    1865 |       0 |   0.0 |      26 |       0 |   0.0
        D:8 |     499 |       0 |   0.0 |      10 |       0 |   0.0
        D:9 |    2997 |    1155 |  27.8 |      39 |       5 |  11.4
       D:10 |    2332 |       0 |   0.0 |      38 |       0 |   0.0
       D:11 |    2949 |    1531 |  34.2 |      36 |       2 |   5.3
       D:12 |    5038 |    1992 |  28.3 |      33 |      25 |  43.1
       D:13 |    5748 |    3964 |  40.8 |      30 |      12 |  28.6
       D:14 |    1222 |    8088 |  86.9 |      10 |      19 |  65.5
      Orc:1 |    2198 |       0 |   0.0 |      18 |       0 |   0.0
            +---------+---------+-------+---------+---------+-------
